 Dungeon Crawl Stone Soup version 0.21-a0-426-g98080a9 (webtiles) character file.

107 mastercheaf21 the Sneak (level 4, -3/29 HPs)
             Began as an Octopode Assassin on Nov 7, 2017.
             Slain by a gnoll
             ... wielding a +0 spear
              (11 damage)
             ... on level 3 of the Dungeon.
             The game lasted 00:08:58 (2170 turns).

mastercheaf21 the Sneak (Octopode Assassin)         Turns: 2170, Time: 00:08:59

Health: -3/29      AC:  1    Str: 10    XL:     4   Next: 86%
Magic:  4/4        EV: 13    Int: 13    God:
Gold:   110        SH:  0    Dex: 14    Spells: 3/3 levels left

rFire    . . .     SeeInvis .   a - +2 dagger
rCold    . . .     Gourm    .   (no shield)
rNeg     . . .     Faith    +   (helmet restricted)
rPois    .         Spirit   .   l - amulet of faith
rElec    .         Reflect  .   (no ring)
rCorr    .         Harm     .   (no ring)
MR       .....                  (no ring)
Stlth    +++++.....             (no ring)
HPRegen  0.09/turn              (no ring)
MPRegen  0.09/turn              (no ring)
                                (no ring)
                                (no ring)

@: no status effects
A: almost no armour, stealthy swim, amphibious, 8 rings, constrict 8, camouflage
1, gelatinous body 1
a: no special abilities


You were on level 3 of the Dungeon.
You were hungry.

You visited 1 branch of the dungeon, and saw 3 of its levels.

You collected 110 gold pieces.

Inventory:

Hand Weapons
 a - a +2 dagger (weapon)
 b - a +0 blowgun
Missiles
 c - 25 poisoned needles
 d - 2 curare-tipped needles
 u - 4 tomahawks (quivered)
Armour
 p - a +0 robe
Jewellery
 l - an amulet of faith (around mantle)
Wands
 v - a wand of flame (18/48)
Scrolls
 e - a scroll of magic mapping {unknown}
 g - 3 scrolls of remove curse {unknown}
 j - 3 scrolls of fear {unknown}
 o - a scroll of recharging {unknown}
 r - 2 scrolls of identify {unknown}
Potions
 i - a potion of magic {unknown}
 k - 2 potions of heal wounds {unknown}
 m - a potion of brilliance {unknown}
 s - a potion of curing {unknown}
 t - a potion of haste {unknown}
Comestibles
 f - 3 bread rations
 h - 2 meat rations
 n - 9 fruits


   Skills:
 - Level 2.0 Fighting
 + Level 2.1 Short Blades
 - Level 2.0 Throwing
 + Level 1.2 Dodging
 * Level 7.6 Stealth
 * Level 1.4 Unarmed Combat


You had 3 spell levels left.
You didn't know any spells.

Dungeon Overview and Level Annotations

Branches:
Dungeon (3/15)

Altars:
Elyvilon


Innate Abilities, Weirdness & Mutations

You cannot wear most types of armour.
You are very stealthy in the water. (Stealth+)
You are amphibious.
You can wear up to eight rings at the same time.
You can use your tentacles to constrict eight enemies at once.
Your skin changes colour to match your surroundings (Stealth+).
Your rubbery body absorbs attacks. (AC +1, EV +1)


Message History

You hit the gnoll.
The gnoll is moderately wounded.
You constrict the gnoll. The gnoll completely misses you.
The gnoll barely misses you.
You hit the gnoll. You squeeze the gnoll.
You kill the gnoll!
The gnoll barely misses you.
A rat and an orc come into view.
An adder, a rat and a giant cockroach come into view.
The rat moves out of view.
Found a scroll labeled UTANA VOUBEEX.
You see here a quarterstaff.
The giant cockroach closely misses you. The gnoll closely misses you.
You hit the rat.
You kill the rat!
The giant cockroach misses you. The gnoll closely misses you.
The giant cockroach bites you.
* * * LOW HITPOINT WARNING * * *
The gnoll hits you from afar with a spear!
You die...

######### ........####
#### ##.....S.. ..#
##.o.....########## #.#
.........ggg†)....####.#
##.......########.......
#.r...@s..# ##...###.#
#.#....##.####.....##.#
.r ####?##.........<##.#
# #.#######.....##.# #..
##...###.# ### ##.####.#
#....... #.......
#.......


You could see 2 gnolls, an adder (sleeping), an orc (sleeping), a giant
cockroach and a rat.

Vanquished Creatures
  Crazy Yiuf (D:2)
  A gnoll (D:3)
  An adder (D:2)
  A worm (D:2)
  2 dart slugs (D:1)
  A leopard gecko (D:3)
  7 bats
  A giant cockroach (D:2)
  11 goblins
  8 hobgoblins
  A jackal (D:1)
  A ball python (D:2)
  4 frilled lizards
  6 kobolds
  10 rats
  A fungus (D:2)
57 creatures vanquished.

Notes
Turn   | Place    | Note
-------+----------+-------------------------------------------
     0 | D:1      | mastercheaf21 the Octopode Assassin began the quest for the Orb.
     0 | D:1      | Reached XP level 1. HP: 14/14 MP: 1/1
   214 | D:1      | Reached XP level 2. HP: 15/19 MP: 2/2
   300 | D:1      | Reached skill level 6 in Stealth
   555 | D:1      | Reached XP level 3. HP: 15/24 MP: 3/3
  1012 | D:2      | Reached skill level 1 in Unarmed Combat
  1238 | D:2      | Found a white marble altar of Elyvilon.
  1388 | D:2      | Reached skill level 7 in Stealth
  1388 | D:2      | Reached XP level 4. HP: 29/29 MP: 4/4
  1891 | D:2      | Found a runed door.
  1923 | D:2      | Noticed Crazy Yiuf
  1927 | D:2      | Killed Crazy Yiuf
  2170 | D:3      | Slain by a gnoll

Vault maps used:
D:1:      scummos_arrival_checkerplants, minmay_tromino_v4_a
D:2:      elyvilon_altar_5, uniq_crazy_yiuf_cottage
D:3:      cheibrodos_pilgrimage, first_bread, grunt_ministairs_9, st_stairs_6

Skill      XL: |  1  2  3 |
---------------+----------+-----
Stealth        | 6 7 |  7.6
Unarmed Combat | 1 |  1.4
Fighting       | |  2.0
Short Blades   | |  2.1
Throwing       | |  2.0
Dodging        | |  1.2

Action                   |  1- 3 |  4- 6 || total
-------------------------+-------+-------++-------
Melee: Dagger            |    77 |    28 ||   105
       Constrict         |    20 |     5 ||    25
       Tentacles         |    12 |    10 ||    22
 Stab: Sleeping          |    13 |     5 ||    18
  Eat: Chunk             |     1 |     2 ||     3
Armor: Skin              |     6 |       ||     6
Dodge: Dodged            |    38 |    15 ||    53

Table legend:
 A = Spawn XP
 B = Non-spawn XP
 C = Spawn XP percentage of total XP
 D = Spawn monster count
 E = Non-spawn monster count
 F = Spawn count percentage of total count
 G = Total turns spent on level
                    A         B        C        D         E        F      G
               +---------+---------+-------+---------+---------+-------+---------
         Total |       0 |     154 |   0.0 |       0 |      56 |   0.0 |  2170
               +---------+---------+-------+---------+---------+-------+---------
           D:1 |       0 |      46 |   0.0 |       0 |      27 |   0.0 |   918
           D:2 |       0 |      87 |   0.0 |       0 |      23 |   0.0 |  1157
           D:3 |       0 |      21 |   0.0 |       0 |       6 |   0.0 |    95
               +---------+---------+-------+---------+---------+-------+---------
